Map: Catalyst LE

Players

Dear

  • Race: Protoss Protoss
  • Spawn Location: 5:00

Classic - Winner!

  • Race: Protoss Protoss
  • Spawn Location: 11:00

Event: IEM Season 12 - Katowice

VOD

Have the link to the VOD?

Description

Time

  • Played on: March 3, 2018, 1:04 p.m.
  • Length: 15:37

All games in this series

Show
View Real Time Build Order
Export as new Build Order

Dear Protoss 

Build Orders: Blink Stalkers 

Get SALT Encoding   

  12  0:00  Probe  
  13  0:13  Probe  
  14  0:18  Pylon  
  14  0:25  Probe (Chrono Boost)  
  15  0:37  Probe (Chrono Boost)  
  15  0:38  Gateway  
  16  0:45  Probe (Chrono Boost)  
  16  0:47  Assimilator  
  17  0:51  Probe  
  17  0:55  Assimilator  
  18  1:03  Probe (Chrono Boost)  
  19  1:08  Gateway  
  19  1:14  Probe (Chrono Boost)  
  20  1:18  Probe (Chrono Boost)  
  21  1:25  Cybernetics Core  
  21  1:29  Probe  
  22  1:36  Pylon  
  22  1:41  Probe  
  23  1:54  Probe  
  24  2:03  Warp Gate  
  24  2:04  Stalker x2  
  28  2:12  Pylon  
  28  2:26  Twilight Council  
  28  2:36  Stalker  
  30  2:37  Stalker  
  32  2:55  Blink (Chrono Boost)  
  32  3:13  Nexus  
  32  3:27  Stalker  
  32  3:30  Stalker  
  36  3:41  Probe  
  36  3:46  Pylon  
  37  3:54  Robotics Facility  
  37  3:56  Probe  
  38  4:09  Probe  
  39  4:15  Stalker  
  41  4:17  Stalker  
  41  4:22  Probe  
  44  4:25  Probe  
  44  4:38  Probe x2  
  45  4:40  Stalker x2  
  45  4:42  Observer (Chrono Boost)  
  51  4:50  Probe x2  
  51  5:05  Stalker x2  
  55  5:08  Immortal (Chrono Boost)  
  44  5:28  Stalker x2  
  45  5:47  Probe  
  45  5:48  Probe  
  47  5:51  Stalker  
  47  5:52  Stalker  
  47  6:00  Probe  
  47  6:01  Probe  
  47  6:07  Warp Prism  
  49  6:13  Probe  
  49  6:14  Probe  
  51  6:25  Probe (Chrono Boost)  
  50  6:27  Probe (Chrono Boost)  
  49  6:34  Resonating Glaives  
  49  6:36  Probe (Chrono Boost)  
  49  6:38  Probe (Chrono Boost), Pylon  
  51  6:42  Probe (Chrono Boost)  
  51  6:43  Probe (Chrono Boost)  
  53  6:50  Gateway  
  53  6:51  Probe  
  54  6:56  Probe, Pylon  
  53  7:01  Sentry x2  
  53  7:03  Probe  
  54  7:10  Gateway  
  54  7:13  Gateway  
  54  7:16  Gateway  
  54  7:22  Gateway  
  54  7:27  Immortal (Chrono Boost)  
  54  7:33  Sentry x2  
  62  7:39  Pylon  
  62  7:46  Pylon  
  62  7:47  Adept  
  64  7:56  Immortal (Chrono Boost)  
  68  8:03  Adept x2  
  72  8:11  Pylon  
  72  8:12  Adept x2  
  76  8:22  Adept x2  
  80  8:32  Assimilator  
  80  8:37  Adept x3  
  80  8:39  Zealot x2  
  86  8:58  Adept x5  
  84  9:05  Adept x2  
  50  9:28  Adept x3  
  50  9:29  Adept x3  
  50  9:39  Adept  
  44  9:50  Robotics Bay  
  44  9:52  Assimilator  
  44  9:53  Adept x2  
  48  10:19  Nexus  
  48  10:20  Pylon  
  48  10:22  Probe x2  
  50  10:33  Disruptor (Chrono Boost)  
  50  10:34  Probe x2  
  48  10:37  Robotics Facility  
  51  10:46  Probe x2  
  53  11:00  Probe x2  
  53  11:02  Disruptor (Chrono Boost)  
  58  11:04  Stalker x3  
  72  11:28  Disruptor (Chrono Boost)  
  72  11:29  Stalker x2  
  72  11:30  Disruptor (Chrono Boost)  
  74  11:33  Stalker  
  74  11:39  Shield Battery  
  76  11:52  Disruptor (Chrono Boost)  
  79  11:58  Stalker  
  79  11:59  Stalker  
  73  12:11  Stalker x3  
  63  12:47  Stalker  
  63  12:48  Stalker x2  
  67  12:54  Stalker  
  69  13:21  Stalker  
  69  13:22  Stalker x2  
  75  13:41  Stalker x3  
  77  13:42  Zealot  
  63  14:21  Stalker x3  
  63  14:22  Zealot x3, Stalker  
  77  14:41  Nexus  
  77  14:45  Dark Shrine  
Show
View Real Time Build Order
Export as new Build Order

Classic Protoss - Winner!

Build Orders: Archon Immortal 

Get SALT Encoding   

  12  0:00  Probe  
  13  0:12  Probe  
  14  0:17  Pylon  
  14  0:24  Probe  
  15  0:35  Gateway  
  15  0:37  Probe (Chrono Boost)  
  16  0:47  Probe (Chrono Boost), Assimilator  
  17  0:52  Probe (Chrono Boost)  
  17  0:55  Assimilator  
  18  1:04  Probe (Chrono Boost)  
  19  1:11  Probe (Chrono Boost)  
  19  1:15  Gateway  
  19  1:18  Probe  
  21  1:25  Cybernetics Core  
  21  1:30  Probe  
  22  1:38  Pylon  
  22  1:42  Probe  
  23  1:56  Probe  
  24  2:02  Stalker x2  
  24  2:04  Warp Gate  
  28  2:15  Pylon  
  28  2:25  Robotics Facility  
  28  2:33  Sentry  
  30  2:45  Sentry  
  32  2:59  Nexus  
  32  3:10  Immortal (Chrono Boost)  
  36  3:25  Gateway  
  36  3:32  Pylon  
  35  3:39  Warp Prism (Chrono Boost)  
  37  3:49  Shield Battery  
  37  4:06  Probe  
  37  4:07  Sentry x2  
  42  4:11  Probe  
  42  4:13  Observer  
  44  4:20  Sentry  
  44  4:21  Probe  
  44  4:23  Probe  
  48  4:32  Stalker  
  48  4:33  Stalker  
  48  4:34  Probe  
  48  4:35  Probe  
  54  4:43  Stalker  
  56  4:48  Pylon  
  56  4:51  Probe  
  55  5:03  Stalker x2  
  59  5:08  Stalker  
  53  5:24  Probe x2  
  53  5:26  Stalker  
  53  5:27  Stalker  
  55  5:36  Stalker  
  55  5:38  Probe x2  
  59  5:50  Probe x2  
  59  5:51  Zealot, Stalker  
  65  6:02  Immortal (Chrono Boost)  
  63  6:04  Probe x2  
  69  6:14  Pylon  
  69  6:15  Assimilator x2  
  65  6:29  Probe x2 (Chrono Boost)  
  65  6:31  Pylon, Immortal (Chrono Boost)  
  67  6:35  Forge  
  71  6:41  Probe (Chrono Boost)  
  73  6:47  Probe (Chrono Boost)  
  73  6:48  Protoss Ground Weapons Level 1  
  73  6:49  Probe (Chrono Boost)  
  73  6:53  Probe (Chrono Boost), Stalker x3  
  78  7:07  Probe  
  78  7:08  Probe  
  80  7:12  Immortal (Chrono Boost)  
  82  7:17  Twilight Council  
  82  7:20  Gateway  
  82  7:26  Gateway  
  82  7:32  Pylon  
  82  7:36  Gateway  
  82  7:40  Warp Prism (Chrono Boost)  
  84  7:54  Charge (Chrono Boost)  
  83  7:59  Templar Archives  
  83  8:03  Probe  
  84  8:14  Pylon  
  84  8:15  Nexus  
  84  8:29  Gateway  
  84  8:30  Pylon  
  84  8:31  Gateway  
  84  8:38  High Templar x2  
  84  8:39  Zealot x2, High Templar x2  
  96  8:41  Probe x2  
  96  8:43  Archon  
  96  8:46  Pylon, Archon  
  98  8:53  Probe  
  98  8:59  Zealot  
  98  9:00  Zealot  
  76  9:13  Zealot x4  
  53  9:24  Zealot x2  
  54  9:37  Zealot x3  
  52  9:45  High Templar  
  52  9:46  High Templar  
  52  9:51  Archon  
  56  9:54  High Templar  
  56  9:57  High Templar  
  56  9:58  Protoss Ground Weapons Level 2 (Chrono Boost)  
  60  10:04  Archon  
  60  10:13  Zealot x2  
  64  10:17  Zealot x2  
  68  10:29  Zealot x3  
  74  10:38  High Templar  
  74  10:39  High Templar  
  78  10:44  Archon  
  78  10:51  Zealot x3  
  84  10:57  High Templar x2  
  84  11:00  Probe x3  
  84  11:02  Archon  
  91  11:07  Observer  
  92  11:12  Probe  
  93  11:24  Zealot x5  
  103  11:36  Probe x2  
  103  11:38  Probe, Stargate  
  106  11:43  Zealot  
  106  11:46  Zealot  
  108  11:59  Zealot x3  
  84  12:24  Zealot  
  84  12:25  Zealot x6  
  88  12:35  Immortal  
  84  12:39  Phoenix (Chrono Boost)  
  86  12:51  High Templar x4  
  92  12:55  Phoenix (Chrono Boost), Archon x2  
  96  13:12  Phoenix (Chrono Boost)  
  94  13:19  High Templar x2  
  100  13:23  Archon, Warp Prism  
  102  13:27  Zealot x4  
  102  13:32  Phoenix (Chrono Boost)  
  112  13:48  Zealot x4  
  86  14:22  Zealot, High Templar x4  
  86  14:23  Zealot x3  
  102  14:26  Archon  
  102  14:27  Archon  
  102  14:50  Pylon  
  102  14:51  Pylon  
  105  14:55  Zealot, High Templar x2  
  105  14:56  Zealot  
  105  14:59  Archon  
  109  15:02  Zealot x2  
  107  15:10  Zealot  

Tags
 
Add a new tag
Caveats
  • Supply blocks, unpowered buildings, or Contaminate may cause inaccurate times.
  • Supply counts are checked every 10 seconds.